[Event "Titled Tuesday Blitz June 27 Early 2023"]
[White "Rom, Jasper"]
[Black "infinitypoint"]
[WhiteFideId "2023733"]
[WhiteElo "2430"]
[BlackElo "2603"]
[Result "0-1"]
[Round "4"]
[TimeControl "180+2"]
[Date "2023.06.27"]
[WhiteClock "0:00:00"]
[BlackClock "0:00:31"]
[Board "138"]

1. e4 e5 2. Nf3 Nf6 3. Nxe5 Nxe4 4. Qe2 Qe7 5. Qxe4 d6 6. d4 dxe5 7. Qxe5 Qxe5+ 8. dxe5 Nc6 9. f4 Bf5 10. c3 Bc5 11. Nd2 O-O-O 12. Nb3 Bb6 13. Bb5 f6 14. a4 a5 15. Bxc6 bxc6 16. Nd4 Be4 17. exf6 gxf6 18. Be3 Rhg8 19. Rg1 Bxg2 20. Kf2 Be4 21. Rg3 Rxg3 22. hxg3 Rg8 23. Rg1 h5 24. Nf3 Bd5 25. Nd4 Rg4 26. Nf3 Kd7 27. Rd1 Bxe3+ 28. Kxe3 Rxg3 29. c4 Rxf3+ 30. Ke2 Rxf4 31. cxd5 Rxa4 32. dxc6+ Kxc6 33. Kd3 Rf4 34. Kc3 h4 35. Rd8 h3 36. Rh8 Rf3+ 37. Kc4 f5 38. b3 f4 39. Rh6+ Kb7 40. Rh4 Rg3 41. Rxf4 h2 42. Rh4 Rg4+ 0-1


[Site "https://www.chess.com"]

[Event "Titled Tuesday Blitz June 27 Early 2023"]
[White "Komov, Roman"]
[Black "Large, Peter G"]
[WhiteFideId "24175714"]
[BlackFideId "400866"]
[WhiteElo "2602"]
[BlackElo "2422"]
[Result "1-0"]
[Round "4"]
[TimeControl "180+2"]
[Date "2023.06.27"]
[WhiteClock "0:01:35"]
[BlackClock "0:00:00"]
[Board "139"]

1. e4 Nc6 2. Nc3 d6 3. d4 e5 4. Nf3 exd4 5. Nxd4 Nf6 6. Bc4 Be7 7. O-O O-O 8. h3 Re8 9. Re1 Bf8 10. Bg5 h6 11. Bh4 Ne5 12. Bb3 Ng6 13. Bg3 Bd7 14. Qd2 a6 15. Rad1 c5 16. Nf5 b5 17. Nxd6 Bxd6 18. Qxd6 c4 19. e5 cxb3 20. axb3 Bf5 21. Qxd8 Raxd8 22. exf6 Bxc2 23. Rxd8 Rxd8 24. fxg7 Bxb3 25. Ra1 b4 26. Ne4 Rd1+ 27. Rxd1 Bxd1 28. Bc7 Kxg7 29. Ba5 b3 30. Bc3+ Kf8 31. Nc5 Be2 32. Nxb3 Ke7 33. f3 Bc4 34. Nd4 Bd5 35. Nf5+ Ke6 36. Nxh6 Nf4 37. Kf2 f5 38. g4 1-0


[Site "https://www.chess.com"]

[Event "Titled Tuesday Blitz June 27 Early 2023"]
[White "Rangel, Daniel"]
[Black "Domingo Nunez, Alejandro"]
[WhiteFideId "2124475"]
[BlackFideId "22245561"]
[WhiteElo "2419"]
[BlackElo "2596"]
[Result "0-1"]
[Round "4"]
[TimeControl "180+2"]
[Date "2023.06.27"]
[WhiteClock "0:00:17"]
[BlackClock "0:00:13"]
[Board "140"]

1. d4 g6 2. c4 Bg7 3. Nc3 d6 4. e4 Nf6 5. Nf3 O-O 6. Be2 e5 7. O-O Nc6 8. d5 Ne7 9. Bd2 Nh5 10. Rc1 h6 11. b4 Nf4 12. c5 f5 13. Bxf4 exf4 14. e5 dxe5 15. d6 Nc6 16. Nb5 cxd6 17. cxd6 e4 18. Nd2 Rb8 19. Nc4 Be6 20. Nc7 Bf7 21. b5 Nd4 22. Qd2 f3 23. gxf3 exf3 24. Bd3 Qh4 25. Kh1 Kh7 26. Rg1 Rbd8 27. Qe3 Qf6 28. Rcd1 Ne2 29. Bxe2 fxe2 30. Qxe2 Bxc4 31. Qxc4 Rxd6 32. Nd5 Qf7 33. Qb3 Rfd8 34. Ne3 Qxb3 35. axb3 Rxd1 36. Rxd1 Rxd1+ 37. Nxd1 Bd4 38. Kg2 Kg7 39. Kf3 Kf6 40. Ke2 Ke5 41. Kd3 Kd5 42. f3 g5 43. h3 h5 44. Ke2 g4 45. fxg4 fxg4 46. hxg4 hxg4 47. Kf1 Ke4 48. Kg2 Kd3 49. b6 axb6 50. Kg3 Ke2 51. Kxg4 Kxd1 52. Kf5 Kc2 53. Ke4 Bg1 54. Kf3 Kxb3 55. Ke2 Kc2 56. Kf1 Bd4 57. Kg2 b5 58. Kf3 b4 59. Ke4 Kc3 60. Kd5 b3 61. Kd6 b2 62. Kc7 b5 63. Kb8 b4 64. Kb7 b3 65. Ka6 b1=Q 66. Kb5 Qe4 67. Ka4 Qb7 68. Ka3 Qa6# 0-1


[Site "https://www.chess.com"]

[Event "Titled Tuesday Blitz June 27 Early 2023"]
[White "Yurovskykh, Oleksandr"]
[Black "Omariev, Maksim"]
[WhiteFideId "14134020"]
[BlackFideId "4193423"]
[WhiteElo "2596"]
[BlackElo "2418"]
[Result "0-1"]
[Round "4"]
[TimeControl "180+2"]
[Date "2023.06.27"]
[WhiteClock "0:00:02"]
[BlackClock "0:00:06"]
[Board "141"]

1. b3 d5 2. Nf3 c5 3. e3 a6 4. Bb2 Nc6 5. d4 Nf6 6. c4 e6 7. Nc3 cxd4 8. Nxd4 Nxd4 9. Qxd4 dxc4 10. Qxd8+ Kxd8 11. Bxc4 b5 12. Be2 Bb7 13. f3 Bc5 14. e4 Ke7 15. a4 b4 16. Nb1 Rhd8 17. Nd2 Rd7 18. Nc4 Rad8 19. Rd1 Ne8 20. Rxd7+ Rxd7 21. Ne5 Rd8 22. Nd3 Kd6 23. Be5+ Kc6 24. Nxc5 Kxc5 25. Kf2 a5 26. Rc1+ Kb6 27. Ke3 Ba6 28. Bd4+ Rxd4 29. Bxa6 Rd8 30. Bc4 Nd6 31. e5 Nf5+ 32. Ke2 Nd4+ 33. Ke3 Nf5+ 34. Ke2 g5 35. g3 h5 36. Bd3 Nd4+ 37. Ke3 Nxb3 38. Rb1 Nc5 39. Bc2 Rd5 40. f4 h4 41. gxh4 gxf4+ 42. Kxf4 Rd4+ 43. Ke3 Rxh4 44. Rh1 Nd7 45. Rf1 Nxe5 46. Be4 f5 47. Bb1 Ng4+ 48. Kf4 Nxh2+ 49. Kg3 Nxf1+ 50. Kxh4 Nd2 51. Bc2 b3 52. Bd3 b2 53. Kg5 b1=Q 0-1


[Site "https://www.chess.com"]

[Event "Titled Tuesday Blitz June 27 Early 2023"]
[White "Mohamed Anees M"]
[Black "Ai, Evan"]
[WhiteFideId "35065815"]
[BlackFideId "2094770"]
[WhiteElo "2595"]
[BlackElo "2413"]
[Result "1-0"]
[Round "4"]
[TimeControl "180+2"]
[Date "2023.06.27"]
[WhiteClock "0:00:20"]
[BlackClock "0:00:14"]
[Board "142"]

1. c4 e5 2. Nc3 Bb4 3. Nf3 Nc6 4. g3 Nf6 5. Bg2 O-O 6. O-O Re8 7. Nd5 Bc5 8. d3 d6 9. a3 Nxd5 10. cxd5 Ne7 11. b4 Bb6 12. Qb3 h6 13. Bb2 c6 14. dxc6 bxc6 15. e4 Be6 16. Qc2 Qd7 17. d4 exd4 18. Nxd4 Rac8 19. Nxe6 Qxe6 20. Rad1 d5 21. exd5 Nxd5 22. Qb3 Red8 23. Rfe1 Qf5 24. Qf3 Qc2 25. Ba1 Re8 26. Rc1 Qd2 27. Red1 Qa2 28. Bf1 Ne3 29. Rd7 Ng4 30. Bc4 Qxf2+ 31. Qxf2 Bxf2+ 32. Kg2 Red8 33. Rxf7 Rd2 34. Rxf2+ Kh8 35. Rxd2 1-0


[Site "https://www.chess.com"]

[Event "Titled Tuesday Blitz June 27 Early 2023"]
[White "Mateus, Alejandro"]
[Black "Poormosavi, Seyed Kian"]
[WhiteFideId "4402529"]
[BlackFideId "12585807"]
[WhiteElo "2413"]
[BlackElo "2589"]
[Result "1/2-1/2"]
[Round "4"]
[TimeControl "180+2"]
[Date "2023.06.27"]
[WhiteClock "0:00:03"]
[BlackClock "0:00:11"]
[Board "143"]

1. e4 c6 2. d4 d5 3. Nc3 dxe4 4. Nxe4 Nf6 5. Nxf6+ exf6 6. c3 g6 7. Bc4 Bg7 8. Nf3 O-O 9. O-O Nd7 10. Re1 Nb6 11. Bb3 a5 12. a4 Nd5 13. h3 Be6 14. Bd2 Re8 15. Bc4 Qd7 16. Qb3 Rab8 17. Re2 b5 18. axb5 cxb5 19. Bxd5 Bxd5 20. Rxe8+ Rxe8 21. Qc2 Bxf3 22. gxf3 Qxh3 23. Qd3 a4 24. Qxb5 Rd8 25. Qd3 Rd5 26. Qf1 Qxf3 27. Qg2 Qh5 28. Re1 Bf8 29. Bf4 Kg7 30. f3 a3 31. bxa3 Bxa3 32. Re8 Rf5 33. Qg3 g5 34. Re4 Rxf4 35. Rxf4 Bd6 36. Rh4 Qxh4 37. Qxd6 Qe1+ 38. Kg2 Qxc3 39. d5 h5 40. Qc6 Qd2+ 41. Kg1 Qe1+ 42. Kg2 h4 43. d6 Qg3+ 44. Kh1 h3 45. f4 g4 46. d7 Qe1+ 47. Kh2 Qf2+ 48. Kh1 h2 49. Qxf6+ Kxf6 50. d8=Q+ Ke6 51. Qe8+ Kf5 52. Qxf7+ Ke4 53. Qe6+ Kxf4 54. Qf6+ Kg3 55. Qe5+ Qf4 56. Qe1+ Kh3 57. Qg3+ Qxg3 1/2-1/2


[Site "https://www.chess.com"]

[Event "Titled Tuesday Blitz June 27 Early 2023"]
[White "Williams, Simon K"]
[Black "Mrudul Dehankar"]
[WhiteFideId "404454"]
[BlackFideId "25096990"]
[WhiteElo "2589"]
[BlackElo "2411"]
[Result "1-0"]
[Round "4"]
[TimeControl "180+2"]
[Date "2023.06.27"]
[WhiteClock "0:00:32"]
[BlackClock "0:00:00"]
[Board "144"]

1. e4 c6 2. Bc4 d5 3. Bb3 dxe4 4. Qh5 g6 5. Qh4 Nf6 6. Nc3 Bf5 7. f3 exf3 8. Nxf3 Qb6 9. d4 Nbd7 10. O-O O-O-O 11. Kh1 e6 12. Ng5 Rg8 13. Nxf7 Re8 14. Na4 Qa5 15. Bf4 Rg7 16. Nd6+ Bxd6 17. Bxd6 Ne4 18. Bf4 g5 19. Qh5 gxf4 20. Qxe8+ Qd8 21. Qxd8+ Kxd8 22. Rxf4 Ndf6 23. Re1 Rg6 24. h3 Ng3+ 25. Kh2 Nfh5 26. Rf3 Ne4 27. Rfe3 Nhg3 28. Nc5 Nxc5 29. dxc5 Nh5 30. g4 1-0


[Site "https://www.chess.com"]

[Event "Titled Tuesday Blitz June 27 Early 2023"]
[White "Kopczynski, Michal"]
[Black "Ovchinnikov, Vsevolod"]
[WhiteFideId "1124200"]
[BlackFideId "24176842"]
[WhiteElo "2410"]
[BlackElo "2589"]
[Result "0-1"]
[Round "4"]
[TimeControl "180+2"]
[Date "2023.06.27"]
[WhiteClock "0:00:08"]
[BlackClock "0:00:26"]
[Board "145"]

1. e4 g6 2. d4 Bg7 3. Nc3 a6 4. Be3 b5 5. Qd2 d6 6. O-O-O Nd7 7. h4 h5 8. f3 Bb7 9. Bd3 Rc8 10. g4 hxg4 11. fxg4 c5 12. d5 Qa5 13. Nb1 Qxa2 14. c3 Ngf6 15. g5 Ng4 16. Bf4 Nge5 17. Qe2 b4 18. h5 c4 19. Bc2 b3 20. Nf3 bxc2 21. Qxc2 Nxf3 22. hxg6 fxg6 23. Rxh8+ Bxh8 24. Rh1 Be5 25. Be3 Bg7 26. Qf2 Nde5 27. Kd1 Qxb1+ 0-1


[Site "https://www.chess.com"]

[Event "Titled Tuesday Blitz June 27 Early 2023"]
[White "BenchGM"]
[Black "HamedWafa4"]
[WhiteElo "2410"]
[BlackElo "2588"]
[Result "0-1"]
[Round "4"]
[TimeControl "180+2"]
[Date "2023.06.27"]
[WhiteClock "0:00:05"]
[BlackClock "0:01:07"]
[Board "146"]

1. e4 e5 2. Nf3 Nc6 3. d4 exd4 4. Nxd4 Bc5 5. Nxc6 Qf6 6. Qf3 Qxf3 7. gxf3 dxc6 8. Be3 Bxe3 9. fxe3 Be6 10. Nc3 O-O-O 11. Bd3 h5 12. Rg1 g6 13. O-O-O h4 14. f4 Nh6 15. Rde1 Bd7 16. Rg5 Ng4 17. f5 Nxh2 18. Be2 gxf5 19. exf5 Rdg8 20. Reg1 Rxg5 21. Rxg5 h3 22. Ne4 Kd8 23. Kd2 Ke7 24. f6+ Kf8 25. Ke1 Rg8 26. Rh5 Rg1+ 27. Kf2 Rg2+ 28. Ke1 Kg8 29. Nf2 Rg3 30. Kd2 Nf3+ 31. Bxf3 Rxf3 32. Ke2 Rg3 33. Ne4 Bg4+ 34. Kf2 Rg2+ 35. Kf1 Bxh5 36. Nf2 Bf3 37. Nxh3 Rxc2 38. Ng5 Bg2+ 39. Kg1 Bd5 40. e4 Bxa2 0-1


[Site "https://www.chess.com"]

[Event "Titled Tuesday Blitz June 27 Early 2023"]
[White "Pinheiro, Iung Alicio de O."]
[Black "Koepke, Christian"]
[WhiteFideId "2104350"]
[BlackFideId "4655737"]
[WhiteElo "2580"]
[BlackElo "2403"]
[Result "0-1"]
[Round "4"]
[TimeControl "180+2"]
[Date "2023.06.27"]
[WhiteClock "0:00:00"]
[BlackClock "0:00:33"]
[Board "147"]

1. d4 d5 2. c4 e5 3. dxe5 Ne7 4. Nf3 Nbc6 5. e3 Bg4 6. Nc3 Bxf3 7. gxf3 d4 8. Ne4 Nf5 9. f4 Bb4+ 10. Ke2 Qh4 11. a3 O-O-O 12. axb4 dxe3 13. Bxe3 Rxd1 14. Rxd1 Nxe5 15. fxe5 Qxe4 16. Bh3 Kb8 17. Bxf5 Qxf5 18. Rd4 Qxe5 19. Rhd1 b6 20. b5 Re8 21. b3 f5 0-1


[Site "https://www.chess.com"]

[Event "Titled Tuesday Blitz June 27 Early 2023"]
[White "Luukkonen, Tommi"]
[Black "Ilkhomi, Jaloliddin"]
[WhiteFideId "501808"]
[BlackFideId "14700948"]
[WhiteElo "2410"]
[BlackElo "2577"]
[Result "1-0"]
[Round "4"]
[TimeControl "180+2"]
[Date "2023.06.27"]
[WhiteClock "0:00:08"]
[BlackClock "0:00:02"]
[Board "148"]

1. e4 c6 2. d4 d5 3. e5 Bf5 4. c4 e6 5. Nc3 Ne7 6. a3 Nd7 7. h3 h6 8. Nf3 Qb6 9. c5 Qc7 10. b4 b6 11. Bd3 a5 12. Rb1 axb4 13. axb4 b5 14. g4 Bxd3 15. Qxd3 h5 16. g5 g6 17. O-O Nf5 18. Ne2 Be7 19. Ng3 Nf8 20. Nxf5 exf5 21. h4 Ne6 22. Bd2 Kd7 23. Ra1 Ra7 24. Ra3 Rha8 25. Rfa1 Ra4 26. Rxa4 bxa4 27. b5 cxb5 28. Qxb5+ Qc6 29. Qb4 Bd8 30. Ra3 Bc7 31. Ne1 Ba5 32. Qb2 Bxd2 33. Qxd2 Qb5 34. Nc2 Ke7 35. Qc3 Nd8 36. Nb4 Nc6 37. Nxd5+ Kd8 38. Nb6 Rb8 39. d5 Nb4 40. Nxa4 Nxd5 41. Qd4 Qd7 42. Rd3 Ke7 43. Qxd5 Qxa4 44. Qd6+ Ke8 1-0


[Site "https://www.chess.com"]

[Event "Titled Tuesday Blitz June 27 Early 2023"]
[White "Pinto, Daniel"]
[Black "Domingo Nunez, Ruben"]
[WhiteFideId "3303144"]
[BlackFideId "22245570"]
[WhiteElo "2402"]
[BlackElo "2574"]
[Result "0-1"]
[Round "4"]
[TimeControl "180+2"]
[Date "2023.06.27"]
[WhiteClock "0:00:00"]
[BlackClock "0:00:31"]
[Board "149"]

1. e4 Nf6 2. Nc3 d5 3. exd5 Nxd5 4. Bc4 Nxc3 5. Qf3 e6 6. dxc3 Qd6 7. Bf4 Qb6 8. Ne2 Nc6 9. O-O Bd7 10. b4 Bd6 11. Bxd6 cxd6 12. Qg3 Ne5 13. Bb3 O-O 14. c4 Qxb4 15. Rad1 Rfd8 16. Rd4 Qc5 17. Rfd1 Bc6 18. h4 Rd7 19. h5 h6 20. f4 f5 21. Kf1 Ng4 22. c3 Rad8 23. Nc1 e5 24. fxe5 dxe5 25. Rxd7 Rxd7 26. Rxd7 Bxd7 27. Nd3 Qa5 28. c5+ Kh7 29. Nxe5 Qc7 30. Bc2 Nxe5 31. c6 bxc6 32. Qf4 Kg8 33. Bb3+ Kh8 34. Qd4 Be8 35. Ke2 Bxh5+ 36. Kd2 Bf7 37. Bc2 Nc4+ 38. Kc1 Qe5 39. Qd8+ Kh7 40. Qd1 Qe3+ 0-1


[Site "https://www.chess.com"]

[Event "Titled Tuesday Blitz June 27 Early 2023"]
[White "Molina Carretero, Daniel"]
[Black "Skliarov, Viktor"]
[WhiteFideId "32071914"]
[BlackFideId "14106736"]
[WhiteElo "2399"]
[BlackElo "2572"]
[Result "1/2-1/2"]
[Round "4"]
[TimeControl "180+2"]
[Date "2023.06.27"]
[WhiteClock "0:00:47"]
[BlackClock "0:01:04"]
[Board "150"]

1. c4 e5 2. g3 Nf6 3. Bg2 c6 4. d4 exd4 5. Qxd4 Na6 6. Nf3 Bc5 7. Qd1 O-O 8. Nc3 d5 9. cxd5 Nb4 10. Bg5 Bf5 11. e4 Bxe4 12. Nxe4 Re8 13. O-O Rxe4 14. dxc6 Qxd1 15. Raxd1 Nxc6 16. Bxf6 gxf6 17. Rd7 Re7 18. Rfd1 Rae8 19. Kf1 Rxd7 20. Rxd7 Re7 21. Rd5 Bb6 22. Nh4 Nd4 23. Nf5 Nxf5 24. Rxf5 Kg7 25. Bd5 Bd4 26. b3 b6 27. Rf4 Be5 28. Rg4+ Kf8 29. Rc4 Rd7 30. Be4 Kg7 31. Ke2 Rd4 32. Rxd4 Bxd4 33. h4 h6 1/2-1/2


[Site "https://www.chess.com"]

[Event "Titled Tuesday Blitz June 27 Early 2023"]
[White "Nozdrachev, Leonid"]
[Black "Oglaza, Oskar"]
[WhiteFideId "24113433"]
[BlackFideId "1194402"]
[WhiteElo "2570"]
[BlackElo "2396"]
[Result "1-0"]
[Round "4"]
[TimeControl "180+2"]
[Date "2023.06.27"]
[WhiteClock "0:00:10"]
[BlackClock "0:00:15"]
[Board "151"]

1. e4 c5 2. Nf3 d6 3. Bb5+ Nc6 4. O-O Bd7 5. Re1 a6 6. Bf1 Qc7 7. c3 Nf6 8. d4 cxd4 9. cxd4 e5 10. Nc3 Be7 11. Bg5 O-O 12. Rc1 Qd8 13. d5 Nb8 14. h3 b5 15. b4 Ne8 16. Be3 f5 17. exf5 Bxf5 18. Bd3 Nd7 19. Bxf5 Rxf5 20. Ne4 Rc8 21. Qd3 h6 22. Rc6 Ndf6 23. Ng3 e4 24. Nxf5 exd3 25. Rxc8 Qd7 26. N3d4 Nxd5 27. Ra8 Kh7 28. Bd2 Nec7 29. Ra7 Bf6 30. Ne6 Qxe6 31. Rxe6 Nxe6 32. Rd7 Kg6 33. Nxd6 Nd4 34. Ne4 Ne2+ 35. Kf1 Nec3 36. Nxf6 Nxf6 37. Rxd3 Nxa2 38. Ra3 Ne4 39. Rxa2 Kf5 40. Be3 Ke5 41. Rxa6 Kd5 42. Ra7 Kc4 43. Rxg7 Kxb4 44. Rg4 Kc3 45. Rxe4 b4 46. Bd2+ Kd3 47. Rxb4 h5 48. Rh4 Kc2 49. Be3 Kd1 50. Rxh5 Kc2 51. Rd5 Kb3 52. Rd4 Ka2 53. Ke2 Kb1 54. Kd3 Ka2 55. Kc3 Kb1 56. Rd1+ Ka2 57. Rc1 Ka3 58. Ra1# 1-0


[Site "https://www.chess.com"]

[Event "Titled Tuesday Blitz June 27 Early 2023"]
[White "Mendez Fortes, Eduardo Jesus"]
[Black "Barbot, Pierre"]
[WhiteFideId "3502376"]
[BlackFideId "663727"]
[WhiteElo "2566"]
[BlackElo "2385"]
[Result "1-0"]
[Round "4"]
[TimeControl "180+2"]
[Date "2023.06.27"]
[WhiteClock "0:01:35"]
[BlackClock "0:00:00"]
[Board "152"]

1. e4 c6 2. d4 d5 3. e5 c5 4. dxc5 e6 5. a3 Bxc5 6. b4 Be7 7. Bb2 f6 8. Nf3 Nc6 9. Bd3 Nh6 10. O-O O-O 11. Nbd2 Nxe5 12. Nxe5 fxe5 13. Bxe5 Bd6 14. Bxd6 Qxd6 15. c4 Kh8 16. cxd5 exd5 17. Nf3 Bg4 18. Be2 Rae8 19. Re1 Nf5 20. Qd3 Bxf3 21. Bxf3 d4 22. Rxe8 Rxe8 23. Qxf5 d3 24. Qf7 Qe5 25. Rf1 d2 26. Qd7 Qe1 27. g3 h6 28. Qxb7 Rd8 29. Qxa7 Qe5 30. Qe3 Qb2 31. Rd1 Qc2 32. Kg2 1-0


[Site "https://www.chess.com"]

[Event "Titled Tuesday Blitz June 27 Early 2023"]
[White "Sargsyan, Anna M."]
[Black "TomLiu777"]
[WhiteFideId "13308130"]
[WhiteElo "2554"]
[BlackElo "2385"]
[Result "1-0"]
[Round "4"]
[TimeControl "180+2"]
[Date "2023.06.27"]
[WhiteClock "0:01:20"]
[BlackClock "0:00:02"]
[Board "153"]

1. d4 Nf6 2. c4 c5 3. Nf3 cxd4 4. Nxd4 g6 5. g3 Bg7 6. Bg2 O-O 7. e4 Qc7 8. Qe2 Nc6 9. Nb3 d6 10. O-O Ne5 11. Na3 Bg4 12. f3 Be6 13. Nd2 Rac8 14. b3 Nfd7 15. Bb2 Nc5 16. f4 Ned3 17. Bxg7 Kxg7 18. Nc2 Qb6 19. Kh1 Nb4 20. Ne3 Nc6 21. Nf3 Nxe4 22. f5 Bxf5 23. Nxf5+ gxf5 24. Nh4 Nd4 25. Nxf5+ Nxf5 26. Rxf5 Nf6 27. Qxe7 Qd4 28. Raf1 Rfe8 29. Qxf6+ Qxf6 30. Rxf6 Re2 31. Rxf7+ Kg6 32. R1f6+ Kg5 33. h4+ Kg4 34. Rg7+ Kh5 35. Rg5# 1-0


[Site "https://www.chess.com"]

[Event "Titled Tuesday Blitz June 27 Early 2023"]
[White "Sebag, Marie"]
[Black "Sokolov, Andrei"]
[WhiteFideId "617822"]
[BlackFideId "11600306"]
[WhiteElo "2553"]
[BlackElo "2377"]
[Result "1-0"]
[Round "4"]
[TimeControl "180+2"]
[Date "2023.06.27"]
[WhiteClock "0:01:01"]
[BlackClock "0:00:04"]
[Board "154"]

1. c4 c6 2. d4 d5 3. Nc3 Nf6 4. cxd5 cxd5 5. Bf4 Nc6 6. e3 Bg4 7. f3 Bf5 8. Qb3 Na5 9. Qa4+ Bd7 10. Bb5 Nc6 11. Nge2 a6 12. Bxc6 Bxc6 13. Qc2 e6 14. O-O Bd6 15. Bxd6 Qxd6 16. Nf4 O-O 17. Nd3 Rac8 18. Qf2 Nd7 19. Rfc1 Nb6 20. Ne5 f6 21. Nd3 Nc4 22. b3 Nb6 23. Qg3 Qxg3 24. hxg3 Nd7 25. Kf2 b6 26. Rc2 Bb7 27. Rac1 Kf7 28. g4 Ke7 29. Nf4 Kd6 30. e4 e5 31. dxe5+ fxe5 32. Nfxd5 Rc6 33. Rd1 Ke6 34. Rcd2 Nc5 35. b4 Nd7 36. Ne2 Nf6 37. Ng3 Nxg4+ 38. Ke2 Nf6 39. Nf5 Nh5 40. g4 Nf4+ 41. Nxf4+ exf4 42. Nd4+ Kd6 43. Nxc6+ Kxc6 44. a4 Rf7 45. Rc1# 1-0


[Site "https://www.chess.com"]

[Event "Titled Tuesday Blitz June 27 Early 2023"]
[White "Fernandez Siles, Luis"]
[Black "Tologon tegin, Semetei"]
[WhiteFideId "2209420"]
[BlackFideId "13800574"]
[WhiteElo "2366"]
[BlackElo "2550"]
[Result "0-1"]
[Round "4"]
[TimeControl "180+2"]
[Date "2023.06.27"]
[WhiteClock "0:00:14"]
[BlackClock "0:00:16"]
[Board "155"]

1. d4 e6 2. e4 b6 3. Bd3 Bb7 4. Nf3 Nf6 5. Qe2 d5 6. e5 Nfd7 7. O-O c5 8. c3 Be7 9. a3 a5 10. Re1 cxd4 11. cxd4 Ba6 12. Nc3 Bxd3 13. Qxd3 O-O 14. Nb5 Nc6 15. Bd2 Na7 16. Rac1 Nxb5 17. Qxb5 Ra7 18. Rc6 h6 19. Rec1 Qb8 20. g3 Qb7 21. Kg2 Nb8 22. Rxb6 Qa8 23. Qd3 Bd8 24. Rb5 Nd7 25. Qc2 Rc7 26. Qa4 Rxc1 27. Bxc1 Qc6 28. Bd2 Nb6 29. Rxa5 Nxa4 0-1


[Site "https://www.chess.com"]

[Event "Titled Tuesday Blitz June 27 Early 2023"]
[White "Rodchenkov, Sergey D."]
[Black "Melikhov, Evgeny V."]
[WhiteFideId "4168712"]
[BlackFideId "4122046"]
[WhiteElo "2550"]
[BlackElo "2365"]
[Result "1-0"]
[Round "4"]
[TimeControl "180+2"]
[Date "2023.06.27"]
[WhiteClock "0:00:21"]
[BlackClock "0:00:08"]
[Board "156"]

1. e4 e5 2. Nf3 Nc6 3. Bc4 Nf6 4. Ng5 d5 5. exd5 Na5 6. Bb5+ c6 7. dxc6 bxc6 8. Bd3 Ng4 9. Ne4 f5 10. Be2 fxe4 11. Bxg4 Qh4 12. Bxc8 Rxc8 13. Nc3 Bc5 14. Qe2 O-O 15. Nxe4 Bb6 16. d3 Nb7 17. Be3 Qe7 18. O-O-O Qb4 19. a3 Qa5 20. d4 Rb8 21. dxe5 Qxe5 22. Bxb6 axb6 23. Rhe1 c5 24. g3 Rbe8 25. f4 Qe6 26. Qg2 Qc4 27. Nd2 Qa6 28. Qd5+ Kh8 29. Ne4 Na5 30. Ng5 h6 31. Nf7+ Kh7 32. Ne5 b5 33. Qe4+ Kh8 34. Ng6+ Kg8 35. Qd5+ Kh7 36. Nxf8+ Rxf8 37. Re6 Qa7 38. Qe4+ Kh8 39. Re8 Rxe8 40. Qxe8+ Kh7 41. Qe4+ Kg8 42. Rd8+ Kf7 43. Qf5+ Ke7 44. Qf8+ Ke6 45. Rd6# 1-0


[Site "https://www.chess.com"]

[Event "Titled Tuesday Blitz June 27 Early 2023"]
[White "a-z30"]
[Black "Arat, Ufuk Sezen"]
[BlackFideId "6309089"]
[WhiteElo "2356"]
[BlackElo "2547"]
[Result "0-1"]
[Round "4"]
[TimeControl "180+2"]
[Date "2023.06.27"]
[WhiteClock "0:00:02"]
[BlackClock "0:00:13"]
[Board "157"]

1. d3 d5 2. Nf3 Nf6 3. g3 g6 4. Bg2 Bg7 5. O-O O-O 6. c4 c6 7. Nc3 Bg4 8. cxd5 cxd5 9. Bf4 Nc6 10. Ne5 Nxe5 11. Bxe5 Be6 12. Qa4 Qb6 13. Qd4 Qxd4 14. Bxd4 Rfd8 15. Nb5 Ne8 16. Rac1 a6 17. Bxg7 axb5 18. Bd4 Rxa2 19. Rc5 Ra4 20. e3 b4 21. Rfc1 Nd6 22. Bxd5 b6 23. Bxe6 bxc5 24. Bb3 Ra5 25. Rxc5 Rxc5 26. Bxc5 Rc8 27. Bxb4 Rb8 28. Bxd6 exd6 29. Bc4 Rxb2 30. h4 Kg7 31. Kg2 f5 32. Kf3 Kf6 33. Kg2 Rc2 34. Kf3 Ke5 35. Bg8 h6 36. Bc4 d5 37. d4+ Ke6 38. Bb5 Rb2 39. Bc6 g5 40. hxg5 hxg5 41. Be8 Ra2 42. Bb5 Ra5 43. Bd3 Kf6 44. Bc2 Ra2 45. Bb3 Ra5 46. Bc2 Ra6 47. Bd3 Rd6 48. Bb5 Ke6 49. Ba4 Rd8 50. Bc2 Rh8 51. Kg2 Kf6 52. Bd3 Rg8 53. Bb5 Rh8 54. Bc6 Ke6 55. Bb7 Rh7 56. Ba6 Rg7 57. Bd3 f4 58. gxf4 gxf4+ 59. Kf3 fxe3 60. fxe3 Ra7 61. e4 Ra3 62. Ke3 Kd6 63. exd5 Kxd5 64. Kd2 Kxd4 65. Bc2 Ra2 66. Kc1 Kc3 67. Bb1 Ra1 68. Kd1 Rxb1+ 69. Ke2 Kd4 0-1


[Site "https://www.chess.com"]

[Event "Titled Tuesday Blitz June 27 Early 2023"]
[White "Belov, Alexei"]
[Black "Sovetbekova, Nurai"]
[WhiteFideId "4128206"]
[BlackFideId "13801910"]
[WhiteElo "2544"]
[BlackElo "2354"]
[Result "1-0"]
[Round "4"]
[TimeControl "180+2"]
[Date "2023.06.27"]
[WhiteClock "0:00:04"]
[BlackClock "0:00:00"]
[Board "158"]

1. e4 c5 2. Nf3 Nc6 3. d4 cxd4 4. Nxd4 Nf6 5. Nc3 e5 6. Ndb5 d6 7. Bg5 a6 8. Na3 b5 9. Nd5 Be7 10. Bxf6 Bxf6 11. c3 Bg5 12. Nc2 Rb8 13. a4 bxa4 14. Ncb4 Bd7 15. Bxa6 Nxb4 16. Nxb4 O-O 17. Bc4 Qf6 18. O-O Kh8 19. Bd3 Qg6 20. Bc2 Bd8 21. f3 Bb6+ 22. Kh1 Bc5 23. Bxa4 Bxb4 24. Bxd7 Bc5 25. b4 Bb6 26. Ra6 Rfd8 27. Ba4 f5 28. exf5 Qxf5 29. Bc2 Qh5 30. Qd5 Qh6 31. Rfa1 Qe3 32. Bd3 Rbc8 33. R6a3 Rxc3 34. Rxc3 Bd4 35. Rcc1 Bxa1 36. Rxa1 Rc8 37. Bf1 h6 38. Qd3 Qb6 39. b5 Rc5 40. Rd1 d5 41. Qf5 d4 42. Bd3 Kg8 43. h3 Rc3 44. Re1 Qc7 45. Be4 Re3 46. Bd5+ Kh8 47. Qf8+ Kh7 48. Be4+ g6 49. Rd1 d3 50. Qe8 d2 51. Qxg6+ Kh8 52. Qf6+ Kg8 53. Qg6+ Kh8 54. Rxd2 Re1+ 55. Kh2 Re3 56. Qxh6+ 1-0


[Site "https://www.chess.com"]

[Event "Titled Tuesday Blitz June 27 Early 2023"]
[White "Mamedov, Edgar"]
[Black "Nithyalakshmi, Sivanesan"]
[WhiteFideId "13739980"]
[BlackFideId "5706955"]
[WhiteElo "2543"]
[BlackElo "2351"]
[Result "1-0"]
[Round "4"]
[TimeControl "180+2"]
[Date "2023.06.27"]
[WhiteClock "0:02:08"]
[BlackClock "0:01:26"]
[Board "159"]

1. d4 Nf6 2. Bg5 Ne4 3. Bf4 c5 4. d5 d6 5. f3 Qa5+ 6. c3 Nf6 7. e4 b5 8. Nd2 a6 9. a4 b4 10. Nc4 Qc7 11. cxb4 cxb4 12. a5 Nbd7 13. Be3 Nc5 14. Nb6 Rb8 15. Bxc5 Qxc5 16. Rc1 Qe3+ 17. Ne2 Bd7 18. Qd4 Qxd4 19. Nxd4 g6 20. Bxa6 Bg7 21. Nc6 Rd8 22. Nxd8 Kxd8 23. Nxd7 Nxd7 24. Rc8# 1-0


[Site "https://www.chess.com"]

[Event "Titled Tuesday Blitz June 27 Early 2023"]
[White "arenal72"]
[Black "Tikhonov, Viacheslav"]
[BlackFideId "44196407"]
[WhiteElo "2351"]
[BlackElo "2543"]
[Result "1/2-1/2"]
[Round "4"]
[TimeControl "180+2"]
[Date "2023.06.27"]
[WhiteClock "0:00:16"]
[BlackClock "0:00:13"]
[Board "160"]

1. e4 c6 2. d4 d5 3. exd5 cxd5 4. Bd3 Nc6 5. c3 Nf6 6. Ne2 e5 7. dxe5 Nxe5 8. Bc2 Bd6 9. O-O O-O 10. h3 h6 11. Nd2 Re8 12. Nd4 a6 13. N2f3 Ne4 14. Re1 Qf6 15. Bxe4 dxe4 16. Rxe4 Bd7 17. Be3 Nc4 18. Rxe8+ Rxe8 19. Bc1 Qg6 20. Kh1 Qh5 21. b3 Ne5 22. Kg1 Nxf3+ 23. Nxf3 Qg6 24. Kf1 Bc6 25. Be3 Be5 26. Rc1 Bf6 27. c4 Rd8 28. Qe2 Be4 29. Kg1 Bd3 30. Qe1 Be4 31. Qe2 Bd3 32. Qe1 Bf5 33. Kh1 Be4 34. Rd1 Bxf3 35. Rxd8+ Bxd8 36. gxf3 Bc7 37. Qd1 Qf5 38. Kg2 Kh7 39. Qd5 Qg6+ 40. Kf1 Qb1+ 41. Kg2 Qg6+ 42. Kf1 Qb1+ 43. Kg2 Qg6+ 1/2-1/2


[Site "https://www.chess.com"]